AoeStats
← MIJO EM TI

Arena

510450756Analyzed
1v1 RM · 1d ago on Oct 1, 2026· 56m 19s· 2 players
Game mode
Random Map
Map size
Tiny (2 player)
Population
200
Speed
Normal
Resources
Standard
Victory
Conquest
Starting age
Dark Age
Ending age
Imperial Age
RankedLock teamsTeams togetherTeam positionsShared explorationLock speedFull tech treeHidden civsTurbo modeCheats
Victory
Defeat
🇺🇸 Vietnamese · United States
892
+15
🇺🇸 Burgundians · United States
867
-15
e.olaguez678
10:06 Feudal Age
14:46 Castle Age
14:21 Double-Bit Axe
16:49 Horse Collar
17:32 Gold Mining
19:05 Scale Barding Armor
21:22 Forging
23:43 Stone Mining
26:07 Bow Saw
25:59 Heavy Plow
28:45 Wheelbarrow
31:35 Hand Cart
31:33 Loom
31:34 Town Watch
34:26 Imperial Age
32:21 Ballistics
32:09 Murder Holes
32:53 Husbandry
32:16 Cavalier
33:19 Chain Barding Armor
33:35 Iron Casting
32:52 Fletching
36:27 Chemistry
36:52 Burgundian Vineyards
36:26 Onager
36:46 Elite Skirmisher
37:26 Bodkin Arrow
37:31 Padded Archer Armor
38:11 Plate Barding Armor
44:26 Paladin
49:37 Two-Man Saw
MIJO EM TI
11:34 Feudal Age
13:31 Wheelbarrow
16:27 Castle Age
16:04 Forging
15:53 Horse Collar
16:02 Double-Bit Axe
16:13 Gold Mining
17:21 Squires
20:37 Scale Mail Armor
27:59 Hand Cart
30:38 Imperial Age
28:06 Crossbowman
28:44 Fletching
29:55 Thumb Ring
29:50 Bodkin Arrow
30:22 Ballistics
30:29 Bow Saw
30:33 Heavy Plow
31:07 Arbalester
33:53 Bracer
33:54 Padded Archer Armor
35:47 Iron Casting
36:18 Chemistry
36:30 Pikeman
37:33 Leather Archer Armor
37:34 Chain Mail Armor
37:54 Loom
38:00 Loom
38:50 Ring Archer Armor
39:27 Two-Man Saw
38:30 Halberdier
42:06 Capped Ram
43:45 Plate Mail Armor
44:28 Elite Skirmisher
49:16 Siege Engineers
49:09 Murder Holes
Connection lost

Rejoining the realm…

Still unreachable

The connection could not be restored.

Session expired

The server has moved on; the page needs a fresh start.